cohdb
Replays
Latest Replays
All Replays
Popular Replays
Top Player Replays
Match Explorer
How It Works
Community
CoH3 Stats
Reddit
Sign in to upload your games and track your stats! →
Sign in with Steam
Match 41412904
Unlisted
Match 41412904
Overview
Messages
Build Orders
End
Pioneer Squad
Construct Infanterie Kompanie
Grenadier Squad
Grenadier Squad
Grenadier Squad
Grenadier Squad
Construct Luftwaffe Kompanie
221 Scout Car
Selects Breakthrough Battlegroup
Selects Assault Grenadiers
Selects Smoke Bombing Run
Selects Mechanized Assault Group
Mechanized Assault Group
Support Elements
Selects Rapid Production
Wirbelwind Flakpanzer
Jäger Squad
Pioneer Squad
Selects Blitzkrieg
Marder III M Tank Destroyer
Medical Bunker
Selects Tiger Heavy Tank
Tiger Heavy Tank
Construct Panzergrenadier Kompanie
Jäger Squad
Tiger Heavy Tank
Nosliw
Null
0
0
Comments
sign in to comment!
No comments posted yet!